 Dungeon Crawl Stone Soup version 0.15-a0-2172-g9ff0d5b (webtiles) character file.

5826 PolkaDot the Basher (level 10, -5/107 HPs)
             Began as an Ogre Death Knight on July 21, 2014.
             Was an Elder of Yredelemnul.
             Slain by Erolcha
             ... wielding a +0 giant spiked club
              (35 damage)
             ... on Level 9 of the Dungeon.
             The game lasted 00:52:13 (8271 turns).

PolkaDot the Basher (Ogre Death Knight)             Turns: 8271, Time: 00:52:13

HP  -5/107       AC  8     Str 20      XL: 10   Next: 80%
MP  17/18        EV 10     Int 10      God: Yredelemnul [****..]
Gold 420         SH  0     Dex 12      Spells:  0 memorised,  9 levels left

rFire  + + .     SeeInvis .     l - +1 giant spiked club
rCold  + + .     Clarity  .     i - +2 robe {rC+}
rNeg   . . .     rCorr    .     (shield restricted)
rPois  +         rRot     .     (helmet restricted)
rElec  +         Spirit   .     e - +2 cloak
SustAb .         Warding  .     (gloves unavailable)
rMut   .         Stasis   .     (boots unavailable)
Gourm  .                        (no amulet)
MR     +....                    q - ring of flight
                                b - ring of protection from fire

@: resistant, very slightly contaminated, hasted, very quick, somewhat resistant
to hostile enchantments, very unstealthy
A: unfitting armour, tough skin 1
a: Animate Dead, Recall Undead Slaves, Injury Mirror, Drain Life, Renounce
Religion, Evoke Flight


You were on level 9 of the Dungeon.
You worshipped Yredelemnul.
Yredelemnul was greatly pleased with you.
You were hungry.

You visited 1 branch of the dungeon, and saw 9 of its levels.

You collected 420 gold pieces.

Inventory:

Hand weapons
 l - a +1 giant spiked club (weapon)
Missiles
 a - 37 stones (quivered)
 r - 12 javelins
 u - 5 tomahawks
Armour
 e - a +2 cloak (worn)
 i - a +2 robe of cold resistance (worn)
Magical devices
 h - a wand of flame (0)
 v - a wand of teleportation (2)
 x - a wand of invisibility (2)
Comestibles
 c - 5 meat rations
 f - a beef jerky
 m - 7 bread rations
Scrolls
 g - 2 scrolls of immolation
 k - a scroll of noise {unknown}
 n - 3 scrolls of remove curse
 o - 2 scrolls of recharging
 t - a scroll of fear {unknown}
 z - 3 scrolls of random uselessness {unknown}
Jewellery
 b - a ring of protection from fire (left hand)
 q - a ring of flight (right hand)
 s - an uncursed amulet of stasis
Potions
 j - a potion of cancellation
 w - 2 potions of invisibility
 F - a potion of curing
Books
 d - Sif Muna's Grimoire of Dislocation
   (You found it on level 8 of the Dungeon)

   Spells                             Type                      Level
   Apportation                        Translocation                1


   Skills:
 - Level 9.3 Fighting
 * Level 14.7 Maces & Flails
 + Level 7.4 Throwing
 - Level 1.3 Dodging
 + Level 5.5 Invocations


You had 9 spell levels left.
You didn't know any spells.

Dungeon Overview and Level Annotations

Branches:
Dungeon (9/15)             Temple (0/1) D:7
    Orc: D:9-12        Lair: D:8-11

Altars:
Ashenzari
Dithmenos
Fedhas
Gozag
Nemelex Xobeh
Okawaru
Sif Muna
Xom
Yredelemnul
Zin

Shops:
D:8 (

Annotations:
D:9 Erolcha


Innate Abilities, Weirdness & Mutations

You are too large for most types of armour.
You have tough skin (AC +1).


Message History

You feel yourself speed up.
Your wolf zombie bites Erolcha but does no damage.
Erolcha closely misses your wolf zombie.
The adder barely misses you.
Your wolf zombie bites Erolcha.
You are very lightly contaminated with residual magic.
Drink which item? (? for menu, Esc to quit)
You feel protected. The adder bites you.
* * * LOW HITPOINT WARNING * * *
Your wolf zombie bites Erolcha but does no damage.
Erolcha hits your wolf zombie with a giant spiked club!
Your wolf zombie is destroyed!
You pound the adder like an anvil!!!
You kill the adder!
Yredelemnul accepts your kill.
An iguana comes into view.
You swap places.
Erolcha hits you with a giant spiked club!!
You die...
Your body rises from the dead as a mindless zombie.

.# ###.##.# .#
#......# .#
##......## .#
#......... ###.#
#%.....### ...
#$.....# #)#
#..#.###
#.########..#.#####
#Z@O...[...........
#)#############.###
#.# ###.### #.#
#.....# #.# #.###.#
.........# .). ..
######### .## .# #
.# ##


You could see Erolcha and a friendly wolf zombie.

Vanquished Creatures
  The ghost of casual the Nimble, an experienced MfIE of Okawaru (D:8)
  The ghost of Herrn the Chopper, an experienced MiFi (D:5)
  Prince Ribbit (D:7)
  A spriggan (D:7)
  4 humans (D:7)
  Grum (D:9)
  2 wolves (D:9)
  A steam dragon (D:7)
  6 orc warriors
  A sky beast (D:7)
  A black bear (D:7)
  2 ogres (D:4)
  4 ice beasts
  2 necrophages
  2 phantoms
  A big kobold (D:7)
  Blork the orc (D:8)
  5 giant frogs
  A scorpion (D:5)
  2 wights (D:7)
  A centaur zombie (D:5)
  4 crimson imps
  A hound (D:7)
  A jelly (D:4)
  6 orc priests
  7 orc wizards
  2 giant frog skeletons
  7 worker ants
  A sheep (D:7)
  A big kobold zombie (D:5)
  9 adders
  A steam dragon zombie (D:7)
  3 giant mites
  2 worms
  3 shadow imps
  3 giant geckos
  An ooze (D:3)
  22 orcs
  A ball python (D:7)
  3 giant cockroaches
  13 goblins
  14 hobgoblins
  7 jackals
  18 kobolds
  6 quokkas
  10 bats
  6 giant newts
  A giant newt skeleton (D:5)
  A gnoll zombie (D:2)
  A quokka skeleton (D:9)
  11 rats
207 creatures vanquished.

Vanquished Creatures (collateral kills)
  A sky beast (D:5)
  An ogre (D:4)
  A giant frog (D:8)
  A scorpion (D:7)
  3 wights (D:7)
  A crimson imp (D:4)
  An orc priest (D:7)
  A hound (D:7)
  A sheep (D:7)
  Ijyb (D:7)
  Jessica (D:2)
  6 adders
  A gnoll (D:1)
  A giant mite (D:6)
  A worm (D:2)
  2 orcs
  A giant cockroach (D:3)
  A gnoll zombie (D:2)
  2 goblins
  2 hobgoblins
  A quokka (D:7)
  3 giant newts
  A goblin skeleton (D:5)
  5 kobolds
  A rat (D:3)
41 creatures vanquished.

Vanquished Creatures (others)
  A wolf zombie (D:9)
  A human zombie (D:7)
  A worker ant zombie (D:5)
  An adder zombie (D:4)
  A giant newt zombie (D:1)
  A giant spore (D:9)
  A goblin skeleton (D:2)
  2 goblin zombies
  A hobgoblin skeleton (D:1)
  A hobgoblin zombie (D:5)
  2 jackal zombies (D:7)
  2 kobold zombies
  7 orc zombies
  A quokka zombie (D:9)
  A rat skeleton (D:4)
  A rat zombie (D:2)
  A ballistomycete (D:9)
26 creatures vanquished.

Grand Total: 274 creatures vanquished

Notes
Turn   | Place    | Note
--------------------------------------------------------------
     0 | D:1      | PolkaDot, the Ogre Death Knight, began the quest for the Orb.
     0 | D:1      | Reached XP level 1. HP: 22/22 MP: 2/2
   172 | D:1      | Reached XP level 2. HP: 25/31 MP: 3/3
   694 | D:2      | Reached skill level 4 in Maces & Flails
   694 | D:2      | Reached XP level 3. HP: 23/37 MP: 5/5
   970 | D:2      | Reached skill level 5 in Maces & Flails
   970 | D:2      | Reached XP level 4. HP: 12/48 MP: 4/6
  1294 | D:2      | Noticed Jessica
  1301 | D:2      | Killed Jessica
  1457 | D:2      | Acquired Yredelemnul's second power
  1986 | D:2      | Found a basalt altar of Yredelemnul.
  2066 | D:3      | Reached XP level 5. HP: 50/54 MP: 8/8
  2099 | D:3      | Found a sparkling altar of Nemelex Xobeh.
  2255 | D:3      | Found a blossoming altar of Fedhas.
  2256 | D:3      | Found a shadowy altar of Dithmenos.
  2276 | D:3      | Reached skill level 6 in Maces & Flails
  2872 | D:4      | Noticed a phantom
  2887 | D:4      | Killed a phantom
  2887 | D:4      | Reached skill level 5 in Fighting
  2887 | D:4      | Reached skill level 7 in Maces & Flails
  2887 | D:4      | Reached XP level 6. HP: 28/66 MP: 9/9
  3084 | D:4      | Reached skill level 8 in Maces & Flails
  3295 | D:4      | Reached XP level 7. HP: 53/72 MP: 11/11
  3543 | D:4      | Reached skill level 9 in Maces & Flails
  3548 | D:4      | Noticed an ogre
  3557 | D:4      | Killed an ogre
  4202 | D:5      | Entered Level 5 of the Dungeon
  4206 | D:5      | Found a shimmering altar of Xom.
  4206 | D:5      | Noticed an angel
  4208 | D:5      | Found a glowing silver altar of Zin.
  4220 | D:5      | Noticed Herrn's ghost (experienced MiFi)
  4590 | D:5      | Killed Herrn's ghost
  4590 | D:5      | Reached skill level 10 in Maces & Flails
  4590 | D:5      | Reached skill level 1 in Throwing
  4590 | D:5      | Reached XP level 8. HP: 42/87 MP: 12/12
  4821 | D:5      | Found an opulent altar of Gozag.
  4915 | D:5      | Acquired Yredelemnul's third power
  4975 | D:5      | Found a sparkling altar of Nemelex Xobeh.
  5524 | D:6      | Found a shattered altar of Ashenzari.
  5645 | D:6      | Reached skill level 11 in Maces & Flails
  5829 | D:6      | Reached XP level 9. HP: 60/96 MP: 14/14
  6085 | D:7      | Received a gift from Yredelemnul
  6089 | D:7      | Reached skill level 12 in Maces & Flails
  6215 | D:7      | Reached skill level 5 in Throwing
  6554 | D:7      | Reached skill level 13 in Maces & Flails
  6564 | D:7      | Acquired Yredelemnul's fourth power
  6772 | D:7      | Reached XP level 10. HP: 96/107 MP: 14/16
  7025 | D:7      | Found a staircase to the Ecumenical Temple.
  7038 | D:7      | Found an iron altar of Okawaru.
  7068 | D:7      | Killed Ijyb
  7241 | D:8      | Noticed Prince Ribbit
  7250 | D:7      | Killed Prince Ribbit
  7302 | D:8      | Noticed Blork the orc
  7312 | D:8      | Killed Blork the orc
  7312 | D:8      | Reached skill level 14 in Maces & Flails
  7403 | D:8      | Found a deep blue altar of Sif Muna.
  7570 | D:8      | Found Gaupep's Antique Weapon Shop.
  7598 | D:8      | Noticed casual's ghost (experienced MfIE)
  7628 | D:8      | Killed casual's ghost
  7628 | D:8      | Reached skill level 5 in Invocations
  7943 | D:8      | Identified Sif Muna's Grimoire of Dislocation
  8019 | D:9      | Noticed Erolcha
  8032 | D:9      | HP: 1/107 [Erolcha/giant spiked club (26)]
  8247 | D:9      | Noticed Grum
  8256 | D:9      | Killed Grum
  8271 | D:9      | Slain by Erolcha

Action                   |  1- 3 |  4- 6 |  7- 9 | 10-12 || total
-------------------------+-------+-------+-------+-------++-------
Melee: Mace              |    85 |   189 |    40 |       ||   314
       Giant spiked club |       |       |   236 |   129 ||   365
Throw: Stone             |       |       |    32 |    14 ||    46
       Javelin           |       |       |     3 |       ||     3
Invok: Animate Remains   |    13 |    16 |    12 |       ||    41
       Animate Dead      |       |       |    19 |     9 ||    28
 Abil: Evoke Flight      |       |       |       |     1 ||     1
Evoke: Wand              |       |     4 |    12 |     6 ||    22
  Use: Potion            |     3 |     5 |     1 |     9 ||    18
       Scroll            |       |     5 |     5 |     5 ||    15
 Stab: Distracted        |       |       |     1 |       ||     1
  Eat: Chunk             |     1 |     9 |     8 |     5 ||    23
       Fruit             |       |       |     7 |     1 ||     8
